 Dungeon Crawl Stone Soup version 0.18.1-8-gdd0e5ea (webtiles) character file.

182 Scarto the Skirmisher (level 5, -4/42 HPs)
             Began as a Demonspawn Fighter on May 22, 2016.
             Was an Initiate of Nemelex Xobeh.
             Slain by Grinder (10 damage)
             ... on level 3 of the Dungeon.
             The game lasted 00:03:35 (1319 turns).

Scarto the Skirmisher (Demonspawn Fighter)          Turns: 1319, Time: 00:03:37

Health: -4/42      AC:  6    Str: 18    XL:     5   Next: 35%
Magic:  5/5        EV:  7    Int:  9    God:    Nemelex Xobeh [......]
Gold:   101        SH:  9    Dex: 12    Spells: 0 memorised, 4 levels left

rFire  . . .     SeeInvis .     a - +0 war axe
rCold  . . .     Gourm    .     b - +0 scale mail
rNeg   . . .     Faith    .     c - +0 shield
rPois  .         Spirit   .     (no helmet)
rElec  .         Dismiss  .     (no cloak)
rCorr  .         Reflect  .     (no gloves)
SustAt .         Harm     .     (no boots)
MR     .....                    (no amulet)
Stlth  ..........               (no ring)
                                (no ring)

@: lethally poisoned (-4 -> -6), not resistant to hostile enchantments,
extremely unstealthy
A: powered by death 1, powered by pain 2
a: Renounce Religion


You were on level 3 of the Dungeon.
You worshipped Nemelex Xobeh.
Nemelex Xobeh was noncommittal.
You were not hungry.

You visited 1 branch of the dungeon, and saw 3 of its levels.

You collected 101 gold pieces.

Inventory:

Hand Weapons
 a - a +0 war axe (weapon)
Missiles
 m - 50 bolts
Armour
 b - a +0 scale mail (worn)
 c - a +0 shield (worn)
Scrolls
 e - 3 scrolls of immolation
 j - a scroll of teleportation
Potions
 d - a potion of might
 g - a potion of brilliance {unknown}
 i - a potion of ambrosia {unknown}
 o - a potion of degeneration {unknown}
 p - a potion of flight {unknown}
 t - a potion of agility {unknown}
Comestibles
 f - 3 bread rations
 h - 2 meat rations
 l - a royal jelly


   Skills:
 + Level 4.0 Fighting
 + Level 3.0 Axes
 + Level 3.6 Armour
 + Level 3.4 Shields


You had 4 spell levels left.
You didn't know any spells.

Dungeon Overview and Level Annotations

Branches:
Dungeon (3/15)

Altars:
Kikubaaqudgha
Nemelex Xobeh

Annotations:
D:3 Grinder


Innate Abilities, Weirdness & Mutations

You regenerate a little health from kills.
You sometimes gain power by taking damage.


Message History

Grinder gestures at you.
You shrug off the repeated paralysis!
The adder bites you but does no damage. Grinder barely misses you.
You feel sick. The adder bites you but does no damage. Grinder hits you!
You writhe in agony.
* * * LOW HITPOINT WARNING * * *
The adder bites you.
* * * LOW HITPOINT WARNING * * *
The adder bites you but does no damage. Grinder hits you but does no damage.
You can move again.
You are too injured to fight recklessly!
You slash the adder!
The adder is severely wounded.
You slash Grinder!
Grinder is moderately wounded.
You feel sick. You block the adder's attack.
Grinder says, "Wait up."
Grinder hits you!
You die...
Your body disappears without a glow.

......#.# *,,,********,,*
......#.## ###*,,,** *,**
.....##..# #..,,,,,* *,*
##.####..# #=#**,*,# *,*
.........#######.#**,*.#******,*
.......#....†....#*,#..#*,,,,,,**
..#.######.####..##..#.#*,****,,,
###.# ###.####........#*,,,,,,,*
**#.# #........@S......,,*****,*
,,..# #.#.##.#5#.#.#.##*,* *,*
**### #.#......#.#,,,* *,* *,*
#,##.#.###.#*,,* *,* *,* *,*#.#.#
*..,,,* *,*****,*
*,,....#**##*,****,,,,,,,*
**##.#..,**,,,,,******,***
#....,**,,,,,* ***,*
***,,,**,,,,,* *,,,*


You could see Grinder and an adder.

Vanquished Creatures
  Jessica (D:2)
  Ijyb (D:2)
  Natasha (D:2)
  5 adders
  An ooze (D:2)
  A worm (D:2)
  A giant gecko (D:2)
  7 bats
  6 giant cockroaches
  12 goblins
  4 hobgoblins
  6 kobolds
  A quokka (D:2)
  A giant newt (D:2)
  5 rats
53 creatures vanquished.

Notes
Turn   | Place    | Note
--------------------------------------------------------------
     0 | D:1      | Scarto the Demonspawn Fighter began the quest for the Orb.
     0 | D:1      | Reached XP level 1. HP: 18/18 MP: 1/1
   153 | D:1      | Gained mutation: You sometimes gain a little power by taking damage. [demonic ancestry]
   153 | D:1      | Reached XP level 2. HP: 24/24 MP: 2/2
   409 | D:2      | Reached XP level 3. HP: 27/29 MP: 3/3
   555 | D:2      | Noticed Jessica
   563 | D:2      | Killed Jessica
   563 | D:2      | Gained mutation: You sometimes gain power by taking damage. [demonic ancestry]
   563 | D:2      | Reached XP level 4. HP: 14/35 MP: 4/4
   822 | D:2      | Noticed Ijyb
   830 | D:2      | Killed Ijyb
  1036 | D:2      | Noticed Natasha
  1045 | D:2      | Killed Natasha
  1045 | D:2      | Gained mutation: You regenerate a little health from kills. [demonic ancestry]
  1045 | D:2      | Reached XP level 5. HP: 24/42 MP: 5/5
  1170 | D:3      | Found an ancient bone altar of Kikubaaqudgha.
  1211 | D:3      | Found a sparkling altar of Nemelex Xobeh.
  1216 | D:3      | Reached skill level 4 in Fighting
  1278 | D:3      | Became a worshipper of Nemelex Xobeh the Trickster
  1303 | D:3      | Noticed Grinder
  1313 | D:3      | Paralysed by Grinder for 6 turns
  1319 | D:3      | Slain by Grinder

Skill      XL: |  1  2  3  4  5 |
---------------+----------------+-----
Axes           | 2 3 |  3.0
Armour         | 3 |  3.6
Shields        | 3 |  3.4
Fighting       | 4 |  4.0

Action                   |  1- 3 |  4- 6 || total
-------------------------+-------+-------++-------
Melee: War axe           |    80 |    93 ||   173
  Use: Scroll            |       |     5 ||     5
  Eat: Pizza             |       |     1 ||     1
       Beef jerky        |       |     1 ||     1
Armor: Scale mail        |    45 |    50 ||    95
Dodge: Dodged            |    15 |    35 ||    50
Block: Shield            |    57 |    51 ||   108
